 Dungeon Crawl Stone Soup version 0.32-a0-868-g153ae1a8d6 (webtiles) character file.

Game seed: 1447175746681603713

1148 pokeman the Thaumaturge (level 8, -2/44 HPs)
             Began as a Deep Elf Hedge Wizard on Mar 28, 2024.
             Shot with an arrow by a centaur (17 damage)
             ... on level 6 of the Dungeon.
             The game lasted 00:11:11 (6504 turns).

pokeman the Thaumaturge (Deep Elf Hedge Wizard)     Turns: 6504, Time: 00:11:11

Health: -2/44      AC:  3    Str: 12    XL:     8   Next: 15%
Magic:  23/23      EV: 17    Int: 22    God:
Gold:   240        SH:  0    Dex: 17    Spells: 11/25 levels left

rFire   + . .        f - +2 dagger (drain)
rCold   + . .        (no shield)
rNeg    . . .        m - +0 robe "Hines" {Str+5 Dex+3}
rPois   .            x - +0 helmet
rElec   .            g - scarf {rC+ rF+}
rCorr   .            (no gloves)
SInv    .            (no boots)
Will    +....        y - amulet of magic regeneration
Stlth   +++          u - ring of Kyofiqoc {Will+ EV+5}
HPRegen 0.27/turn    (no ring)
MPRegen 0.58/turn

%: no passive effects
@: no status effects
A: no striking features
a: no special abilities


You were on level 6 of the Dungeon.
You visited 1 branch of the dungeon, and saw 6 of its levels.
You also visited: Sewer.

You collected 240 gold pieces.

Inventory:

Hand Weapons
 f - a +2 dagger of draining (weapon)
 z - a +2 dagger of pain
Armour
 g - a scarf of resistance (worn)
 m - the +0 robe "Hines" (worn) {Str+5 Dex+3}
   (You found it on level 2 of the Dungeon)

   Str+5:     It affects your strength (+5).
   Dex+3:     It affects your dexterity (+3).
 x - a +0 helmet (worn)
Magical Staves
 b - a staff of air
Jewellery
 u - the ring of Kyofiqoc (left hand) {Will+ EV+5}
   (You found it on level 3 of the Dungeon)

   [ring of evasion]

   EV+5:      It affects your evasion (+5).
   Will+:     It increases your willpower.
 y - an amulet of magic regeneration (around neck)
Wands
 n - a wand of mindburst (12)
Scrolls
 h - 5 scrolls of identify {unknown}
 j - a scroll of fear {unknown}
 o - 2 scrolls of teleportation {unknown}
 r - 2 scrolls of poison {unknown}
 s - 2 scrolls of revelation {unknown}
 t - a scroll of noise {unknown}
 w - 3 scrolls of amnesia {unknown}
 B - a scroll of blinking {unknown}
Potions
 a - 3 potions of attraction {unknown}
 c - 3 potions of haste {unknown}
 d - a potion of magic
 e - 2 potions of curing {unknown}
 i - 2 potions of resistance {unknown}
 k - a potion of cancellation {unknown}
 l - 2 potions of heal wounds {unknown}
 p - a potion of ambrosia {unknown}
 q - a potion of enlightenment {unknown}
 v - 3 potions of might {unknown}
 A - 2 potions of invisibility {unknown}


   Skills:
 - Level 2.0 Fighting
 + Level 1.7 Armour
 - Level 3.0 Dodging
 - Level 4.0 Stealth
 * Level 9.1 Spellcasting
 + Level 4.6 Conjurations
 - Level 1.1 Summonings
 + Level 1.4 Necromancy
 - Level 1.1 Translocations
 - Level 1.0 Air Magic
 + Level 2.9 Earth Magic
 - Level 1.0 Alchemy
 - Level 1.0 Evocations


You had 11 spell levels left.
You knew the following spells:

 Your Spells              Type           Power      Damage    Failure   Level
a - Magic Dart            Conj           100%       1d8       1%          1
b - Mephitic Cloud        Conj/Alch/Air  19%        N/A       8%          3
c - Call Imp              Summ           28%        N/A       6%          2
d - Blink                 Tloc           28%        N/A       6%          2
e - Bombard               Conj/Erth      13%        9d3       91%         6

Your spell library contained the following spells:

 Spells                   Type           Power      Damage    Failure   Level
 Necrotise                Necr           64%        1d7       3%          1
 Cigotuvi's Dreadful Rot  Necr/Alch/Air  30%        N/A       6%          2
 Passwall                 Erth           23%        N/A       6%          3
 Slow                     Hex            40%        N/A       7%          1
 Vampiric Draining        Necr           16%        2d7       11%         3
 Volatile Blastmotes      Fire/Tloc      24%        2d12      16%         3
 Tukima's Dance           Hex            10%        N/A       21%         3
 Iskenderun's Mystic Bla Conj/Tloc 22%            2d6        (+2d3     21%         4
 Dispel Undead            Necr           16%        3d10      36%         4
 Martyr's Knell           Necr/Summ      15%        N/A       36%         4
 Passage of Golubria      Tloc           14%        N/A       38%         4
 Vhi's Electric Charge    Tloc/Air       28%        N/A       38%         4
 Dimensional Bullseye     Hex/Tloc       6%         N/A       45%         4
 Curse of Agony           Necr           16%        N/A       71%         5
 Summon Forest            Summ/Tloc      7%         N/A       75%         5
 Silence                  Hex/Air        6%         N/A       83%         5
 Eringya's Noxious Bog    Alch           7%         4d6       100%        6
 Summon Hydra             Summ           7%         N/A       100%        7
 Lehudib's Crystal Spear  Conj/Erth      13%        10d4      100%        8


Dungeon Overview and Level Annotations

Branches:
Dungeon (6/15)              Sewer (visited)
 Temple: D:4-7

Altars:
Ashenzari
Makhleb
Qazlal
Ru

Shops:
D:4 :   D:5 *

Annotations:
D:6 1 transporter


Message History

You can't see any susceptible monsters within range! (Use Z to cast anyway.) Unknown command.
Found a gate leading back out of this place.
You see here a ball python corpse.
You now have 240 gold pieces (gained 16).
A - 2 black potions
B - a scroll labelled NELIYT OVIYNO
There is an open gate here.
There is an open door here.
Items here: ( )) ÷ †.
You enter the shallow water.
Moving in this stuff is going to be slow.
You enter the shallow water.
Moving in this stuff is going to be slow.
Done exploring.
You enter the shallow water.
Moving in this stuff is going to be slow.
There is an open door here.
Items here: ( )) ÷÷.
There is an open gate here.
You see here a ball python skeleton.
There is a gate leading back out of this place here.
Welcome back to the Dungeon!
You hear the hiss of flowing sand.
There is an entrance to an ossuary on this level.
Hurry and find it before the portal is buried!
Level annotation: 1 transporter You hear the quick hiss of an avalanche of sand very nearby.
There is a collapsed entrance here.
You enter the shallow water.
Moving in this stuff is going to be slow.
You see here an adder skeleton.
A centaur comes into view. It is wielding a +0 mace.
The centaur shouts!
You hear a croak.
The centaur unwields a +0 mace.
The centaur wields a +0 orcbow.
The centaur shoots an arrow.
The arrow misses you.
The centaur shoots an arrow.
The arrow hits you!
The centaur shoots an arrow.
The arrow hits you!
The centaur shoots an arrow.
The arrow hits you!
The centaur shoots an arrow.
The arrow hits you!
You die...

.. ##.......# #.
####.....##
#.###.#..##### ####
.##..#....##~~####~~##
..........#~~~~~÷~~~~#
....#..####~÷####~~##
... ##c.# #~##~~##~#
#..# #~~~~.~#~# ##@#
#~~~~~~#~# #.#
####~~##~#
#.###~~####~~##
#...~~~~~~~~~~#
#..###~~####~~## #..#
#### #### #..## ...#
..##


You could see a centaur.

Vanquished Creatures
  Grinder (Sewer)
  3 ogres
  2 scorpions (D:5)
  2 bombardier beetles (D:3)
  4 hounds
  A jelly (D:5)
  An orc wizard (D:4)
  A crocodile skeleton (Sewer)
  Robin (D:4)
  12 adders
  2 river rats (D:6)
  2 shadow imps (Sewer)
  2 ufetubi (D:5)
  An adder zombie (Sewer)
  4 ribbon worms
  12 orcs
  4 bats
  7 endoplasms
  5 giant cockroaches
  13 goblins
  8 hobgoblins
  8 jackals
  23 kobolds
  3 quokkas
  5 ball pythons
  3 frilled lizards
  4 kobold zombies (Sewer)
  7 rats
141 creatures vanquished.

Notes
Turn   | Place    | Note
-------+----------+-------------------------------------------
     0 | D:1      | pokeman the Deep Elf Hedge Wizard began the quest for the
                  | Orb.
     0 | D:1      | Reached XP level 1. HP: 10/10 MP: 7/7
   376 | D:1      | Reached XP level 2. HP: 16/16 MP: 5/9
  1375 | D:2      | Reached skill level 5 in Spellcasting
  1503 | D:2      | Identified the +0 robe "Hines" {Str+5 Dex+3}
  1627 | D:2      | Reached XP level 3. HP: 18/20 MP: 3/11
  2113 | D:2      | Reached skill level 1 in Fighting
  2264 | D:2      | Reached skill level 1 in Armour
  2267 | D:2      | HP: 1/20 [orc/+0 flail (7)]
  2273 | D:2      | Learned a level 3 spell: Mephitic Cloud
  2276 | D:2      | Learned a level 2 spell: Call Imp
  2279 | D:2      | Learned a level 2 spell: Blink
  2445 | D:3      | Reached XP level 4. HP: 23/25 MP: 3/13
  2713 | D:3      | Reached skill level 6 in Spellcasting
  2740 | D:3      | Reached XP level 5. HP: 29/29 MP: 3/15
  3113 | D:3      | Found a stormy altar of Qazlal.
  3113 | D:3      | Found a sacrificial altar of Ru.
  3167 | D:3      | Identified the ring of Kyofiqoc {Will+ EV+5}
  3625 | D:4      | Found a broken altar of Ashenzari.
  3930 | D:4      | Noticed Robin
  3942 | D:4      | Killed Robin
  4386 | D:4      | Reached skill level 1 in Air Magic
  4386 | D:4      | Reached skill level 1 in Alchemy
  4386 | D:4      | Reached skill level 1 in Evocations
  4490 | D:4      | Found Esihesics's Book Boutique.
  4675 | D:4      | Noticed an ogre
  4682 | D:4      | Killed an ogre
  4683 | D:4      | Reached XP level 6. HP: 34/34 MP: 8/17
  4686 | D:4      | Reached skill level 7 in Spellcasting
  4818 | D:5      | Entered Level 5 of the Dungeon
  4835 | D:5      | Found a burning altar of Makhleb.
  4951 | D:5      | Found Domymix's Overcharged Wands.
  5039 | D:5      | Learned a level 6 spell: Bombard
  5157 | D:5      | Reached skill level 1 in Earth Magic
  5157 | D:5      | Reached XP level 7. HP: 38/38 MP: 7/20
  5417 | D:5      | Reached skill level 8 in Spellcasting
  5945 | D:6      | Found a transporter.
  5947 | D:6      | Noticed a kobold demonologist
  6036 | D:6      | Found a glowing drain.
  6042 | Sewer    | Entered a sewer
  6208 | Sewer    | Found an ancient bone altar of Kikubaaqudgha.
  6258 | Sewer    | Noticed Grinder
  6272 | Sewer    | Killed Grinder
  6273 | Sewer    | Reached skill level 9 in Spellcasting
  6273 | Sewer    | Reached skill level 1 in Necromancy
  6273 | Sewer    | Reached XP level 8. HP: 36/44 MP: 15/23
  6504 | D:6      | Shot with an arrow by a centaur

Illustrated notes

Levels and vault maps discovered:
D:1:      psy_arrival_radial02, layout_basic, serial_forest,
          infiniplex_forest_lined_1, infiniplex_forest_lined_4_way,
          infiniplex_forest_clump_medium, infiniplex_forest_corner_1,
          infiniplex_forest_end_3, infiniplex_forest_lined_corner,
          infiniplex_forest_clump_curved, minmay_pentomino_p2
D:2:      layout_rooms, st_stairs_13
D:3:      layout_loops_ring, nicolae_overflow_two_pavilions, nicolae_half_adder
D:4:      wander_river, layout_loops_ring, nicolae_ashenzari_panopticon,
          serial_shops, shop, uniq_robin
D:5:      layout_loops_ring, mainiacjoe_overflow_24_doors,
          hangedman_abyss_or_decor_passed, nicolae_shop_overcharged_wands
D:6:      gammafunk_wand_slinger, layout_cave_pools,
          minmay_temple_entry_from_below_a, gup_sewer_entry_bubbles,
          mainiacjoe_ossuary_entry_find_the_door, minmay_misc_feat_iff,
          grunt_decor_junction, lightli_corner_chamber

Skill      XL: |  1  2  3  4  5  6  7 |
---------------+----------------------+-----
Spellcasting   | 5 6 7 9 |  9.1
Fighting       | 1 2 |  2.0
Conjurations   | 2 3 4 |  4.6
Armour         | 1 |  1.7
Dodging        | 3 |  3.0
Stealth        | 3 4 |  4.0
Air Magic      | 1 |  1.0
Alchemy        | 1 |  1.0
Evocations     | 1 |  1.0
Earth Magic    | 1 2 |  2.9
Necromancy     | 1 |  1.4
Summonings     | |  1.1
Translocations | |  1.1

Action                     |  1- 3 |  4- 6 |  7- 9 || total
---------------------------+-------+-------+-------++-------
  Melee: Dagger            |     1 |    11 |    57 ||    69
   Cast: Magic Dart        |   112 |   144 |   125 ||   381
         Mephitic Cloud    |       |     5 |     6 ||    11
         Call Imp          |       |     1 |       ||     1
   Stab: Confused          |       |     3 |     3 ||     6
 Armour: Robe              |    18 |     1 |    26 ||    45
  Dodge: Dodged            |    29 |    24 |    61 ||   114

Table legend: (Time is in decaauts)
 A = Elapsed time spent in this place.
 B = Non-inter-level travel time spent in this place.
 C = Inter-level travel time spent in this place.
 D = Time resting spent in this place.
 E = Time spent auto-exploring this place.
 F = Levels seen in this place.
 G = Mean time per level.
                   A        B        C        D        E       F      G
               +--------+--------+--------+--------+--------+-----+--------+
         Total |   6576 |   6450 |    126 |    172 |   5318 |   7 |  939.4 |
       Dungeon |   6138 |   6012 |    126 |    172 |   5031 |   6 | 1023.0 |
         Sewer |    438 |    438 |      0 |      0 |    287 |   1 |  438.0 |
               +--------+--------+--------+--------+--------+-----+--------+

Top non-repeatable levels by time:
     D:1: 1305 daAuts
     D:4: 1261 daAuts
     D:3: 1237 daAuts
     D:5: 1126 daAuts
     D:2: 1048 daAuts
   Sewer: 438 daAuts
     D:6: 158 daAuts
